 Dungeon Crawl Stone Soup version 0.20-a0-850-ge5a7832 (webtiles) character file.

77 Firecrotchwizard the Poker (level 4, -7/33 HPs)
             Began as a Merfolk Gladiator on Mar 9, 2017.
             Mangled by Spectrina's ghost (8 damage)
             ... on level 3 of the Dungeon.
             The game lasted 00:03:22 (1730 turns).

Firecrotchwizard the Poker (Merfolk Gladiator)      Turns: 1730, Time: 00:03:22

Health: -7/33      AC:  5    Str: 14    XL:     4   Next: 34%
Magic:  4/4        EV: 14    Int:  8    God:
Gold:   141        SH:  0    Dex: 15    Spells: 3/3 levels left

rFire    . . .     SeeInvis .   a - +0 trident
rCold    . . .     Gourm    .   b - +0 leather armour
rNeg     . . .     Faith    .   (no shield)
rPois    .         Spirit   .   c - +0 helmet
rElec    .         Reflect  .   e - +0 cloak
rCorr    .         Harm     .   (no gloves)
MR       .....                  (no boots)
Stlth    +.........             (no amulet)
Regen    0.2/turn               (no ring)
MPRegen  0.1/turn               (no ring)

@: no status effects
A: change form in water, swift swim, stealthy swim
a: no special abilities


You were on level 3 of the Dungeon.
You were not hungry.

You visited 1 branch of the dungeon, and saw 3 of its levels.

You collected 141 gold pieces.

Inventory:

Hand Weapons
 a - a +0 trident (weapon)
Missiles
 d - 3 throwing nets (quivered)
 h - 3 javelins
Armour
 b - a +0 leather armour (worn)
 c - a +0 helmet (worn)
 e - a +0 cloak (worn)
Scrolls
 g - a scroll of teleportation {unknown}
 j - a scroll of enchant weapon {unknown}
 n - a scroll of enchant armour {unknown}
 o - a scroll of noise {unknown}
 q - 3 scrolls of amnesia {unknown}
Potions
 i - a potion of degeneration {unknown}
 k - a potion of berserk rage {unknown}
 l - a potion of haste {unknown}
 m - a potion of might {unknown}
 p - a potion of heal wounds {unknown}
 r - a potion of curing {unknown}
 s - a potion of mutation {unknown}
Comestibles
 f - a bread ration


   Skills:
 - Level 2.1 Fighting
 * Level 7.3 Polearms
 - Level 2.0 Throwing
 - Level 4.0 Dodging


You had 3 spell levels left.
You didn't know any spells.

Dungeon Overview and Level Annotations

Branches:
Dungeon (3/15)

Altars:

Annotations:
D:3 Spectrina's ghost, weakling FoFi


Message History

Spectrina's ghost is moderately damaged.
Spectrina's ghost hits you but does no damage.
You barely miss Spectrina's ghost.
Spectrina's ghost is moderately damaged.
Spectrina's ghost misses you.
You hit Spectrina's ghost but do no damage.
Spectrina's ghost is moderately damaged.
Spectrina's ghost says, "You must not succeed where I failed!"
Spectrina's ghost closely misses you.
You hit Spectrina's ghost but do no damage.
Spectrina's ghost is moderately damaged.
Spectrina's ghost hits you but does no damage.
You puncture Spectrina's ghost!
Spectrina's ghost is severely damaged.
Spectrina's ghost hits you!
* * * LOW HITPOINT WARNING * * *
You barely miss Spectrina's ghost.
Spectrina's ghost is severely damaged.
Spectrina's ghost hits you!
You die...

.##.###)##.#.........##.#
..##.###.............<...W
.........####.............
.........# ..#########.#
.........# . ## ..
.........####.... .
..............<..
........#W####....#.
........#@.# ......
...........## ..W.#
.......#...##....
.......#.#.#....
.......#.#.#..#
.......#.#.#..#
.......#.#....#
...................
......?..##.......#


You could see Spectrina's ghost.

Vanquished Creatures
  Natasha (D:2)
  An adder (D:3)
  An ooze (D:1)
  2 worms (D:2)
  2 dart slugs (D:1)
  3 giant cockroaches
  5 goblins
  A hobgoblin (D:1)
  2 kobolds
  5 bats
  3 frilled lizards
  5 rats
31 creatures vanquished.

Notes
Turn   | Place    | Note
-------+----------+-------------------------------------------
     0 | D:1      | Firecrotchwizard the Merfolk Gladiator began the quest for the Orb.
     0 | D:1      | Reached XP level 1. HP: 16/16 MP: 1/1
   158 | D:1      | Reached skill level 5 in Polearms
   229 | D:1      | Reached XP level 2. HP: 22/22 MP: 2/2
   722 | D:1      | Reached skill level 6 in Polearms
   722 | D:1      | Reached XP level 3. HP: 27/27 MP: 3/3
  1183 | D:2      | Noticed Natasha
  1189 | D:2      | Killed Natasha
  1189 | D:2      | Reached skill level 7 in Polearms
  1189 | D:2      | Reached XP level 4. HP: 25/33 MP: 4/4
  1605 | D:3      | Noticed Spectrina's ghost (weakling FoFi)
  1729 | D:3      | HP: 1/33 [Spectrina's ghost (10)]
  1730 | D:3      | Mangled by Spectrina's ghost

Vault maps used:
D:1:      kilobyte_arrival_exit_the_forest
D:2:      uniq_natasha
D:3:      hangedman_decor_lopped

Skill      XL: |  1  2  3 |
---------------+----------+-----
Polearms       | 5 6 7 |  7.3
Fighting       | |  2.1
Throwing       | |  2.0
Dodging        | |  4.0

Action                   |  1- 3 |  4- 6 || total
-------------------------+-------+-------++-------
Melee: Trident           |    83 |    38 ||   121
 Stab: Sleeping          |     1 |       ||     1
  Eat: Chunk             |     1 |     2 ||     3
Armor: Leather armour    |    13 |     7 ||    20
Dodge: Dodged            |    39 |    12 ||    51
